 Dungeon Crawl Stone Soup version 0.14-a0-1739-g6c2808e (webtiles) character file.

252 Jenx the Ruinous (level 5, -5/28 HPs)
             Began as a Deep Elf Conjurer on Jan 3, 2014.
             Slain by a gnoll
             ... wielding a +0,+0 halberd
              (14 damage)
             ... on Level 4 of the Dungeon.
             The game lasted 00:11:58 (3469 turns).

Jenx the Ruinous (Deep Elf Conjurer)                Turns: 3469, Time: 00:11:58

HP  -5/28        AC  2     Str  5      XL: 5   Next: 37%
MP   5/16        EV 12     Int 21      God:
Gold 67          SH  9     Dex 15      Spells:  3 memorised,  2 levels left

rFire  . . .     SeeInvis .     b - +0 orc blowgun
rCold  . . .     Clarity  .     e - +0 elf robe
rNeg   . . .     Conserve .     i - +1 buckler
rPois  .         rCorr    .     (no helmet)
rElec  .         rRot     .     (no cloak)
SustAb . .       Spirit   .     (no gloves)
rMut   .         Warding  .     (no boots)
Saprov . . .     Stasis   .     (no amulet)
                                (no ring)
                                (no ring)

@: glowing, slightly resistant to hostile enchantments, unstealthy
A: no striking features
a: no special abilities


You were on level 4 of the Dungeon.
You were hungry.

You visited 1 branch of the dungeon, and saw 4 of its levels.

You collected 67 gold pieces.

Inventory:

Hand weapons
 a - a +2,+0 spear
 b - a +0 orcish blowgun (weapon)
Missiles
 j - 4 needles of sleeping
 n - 2 poisoned darts
 p - 12 poisoned needles (quivered)
Armour
 e - a +0 elven robe (worn)
 i - a +1 buckler (worn)
Comestibles
 q - 3 bread rations
 s - a choko
 t - a chunk of bat flesh
Scrolls
 d - 3 scrolls of enchant weapon II {unknown}
 f - a scroll of random uselessness {unknown}
 g - a scroll of identify
 l - 2 scrolls of recharging {unknown}
 m - a scroll of teleportation {unknown}
Potions
 h - 3 potions of curing {unknown}
 k - a potion of magic {unknown}
 o - a potion of poison {unknown}
 r - a potion of restore abilities {unknown}
Books
 c - a book of Conjurations

   Spells                             Type                      Level
   *Magic Dart                        Conjuration                  1
   Searing Ray                        Conjuration                  2
   *Dazzling Spray                    Conjuration/Hexes            3
   *Iskenderun's Mystic Blast         Conjuration                  4
   Iskenderun's Battlesphere          Conjuration/Charms           4
   Fulminant Prism                    Conjuration/Hexes            5


   Skills:
 - Level 2.4 Dodging
 - Level 2.4 Stealth
 - Level 1.0 Shields
 - Level 3.0 Spellcasting
 + Level 7.1 Conjurations


You had 2 spell levels left.
You knew the following spells:

 Your Spells              Type           Power        Failure   Level  Hunger
a - Magic Dart            Conj           ####         1%          1    None
b - Dazzling Spray        Conj/Hex       ###.....     12%         3    ###....
c - Iskenderun's Mystic   Conj           ####....     10%         4    ####...


Dungeon Overview and Level Annotations

Branches:
Dungeon (4/16)
 Temple: D:4-7

Altars:


Message History

The poisoned needle hits the gnoll shaman.
The gnoll shaman is poisoned.
The gnoll shaman shouts!
The gnoll shaman is heavily wounded.
Firing (i - inventory. (,) - cycle):
p - 14 poisoned needles (quivered)
Press: ? - help, Shift-Dir - straight line, f/p - gnoll shaman
Aim: a gnoll shaman, wielding a club and wearing a leather armour (heavily wounded, poisoned)
You shoot a poisoned needle.
The poisoned needle misses the gnoll shaman.
The poisoned needle hits the gnoll.
You block the gnoll's attack.
The gnoll is no longer moving quickly.
The gnoll barely misses you.
Firing (i - inventory. (,) - cycle):
p - 13 poisoned needles (quivered)
Press: ? - help, Shift-Dir - straight line, f - gnoll, p - gnoll shaman
Aim: a gnoll, wielding a halberd (moving very quickly)
You shoot a poisoned needle. The poisoned needle misses the gnoll.
The gnoll hits you from afar with a halberd.
The gnoll hits you from afar with a halberd!
Ouch! That really hurt!
You die...

########## #........#
########.######.#
..(.....((......#
###.####.#####g.#########
....#........(gg@.......########
.....#.#.####..########.#......#
.....#.#.# #..# #.#.####.#
.....#.#.# #..### #.#...##.#
###+##.#.# #..#.# #.#.#.##.#
#.#.#######.######.#.#.##.#
###.##.#.#.......#...........#.#
...............#.#.####.###..#.##
#.#.##.###.#.#.#.#.#.............


You could see a gnoll shaman and 2 gnolls.

Vanquished Creatures
  A hound (D:4)
  Ijyb (D:3)
  A gnoll (D:4)
  3 adders
  An inept feature mimic (D:3)
  2 worms
  4 giant geckos (D:2)
  8 orcs (D:3)
  3 giant cockroaches
  6 goblins
  6 hobgoblins
  10 jackals
  7 kobolds
  A ball python (D:2)
  8 bats
  3 giant newts (D:1)
  2 quokkas (D:3)
  11 rats
78 creatures vanquished.

Notes
Turn   | Place    | Note
--------------------------------------------------------------
     0 | D:1      | Jenx, the Deep Elf Conjurer, began the quest for the Orb.
     0 | D:1      | Reached XP level 1. HP: 10/10 MP: 5/5
   380 | D:1      | Reached XP level 2. HP: 15/15 MP: 4/8
   383 | D:1      | Reached skill level 5 in Conjurations
   711 | D:1      | Reached skill level 1 in Shields
   812 | D:1      | Reached XP level 3. HP: 17/19 MP: 6/10
   891 | D:1      | Learned a level 3 spell: Dazzling Spray
  1507 | D:2      | Reached XP level 4. HP: 24/24 MP: 10/13
  1522 | D:2      | Learned a level 4 spell: Iskenderun's Mystic Blast
  1952 | D:3      | Reached skill level 6 in Conjurations
  2205 | D:3      | Noticed Ijyb
  2270 | D:3      | Killed Ijyb
  3004 | D:3      | Reached XP level 5. HP: 22/28 MP: 12/16
  3433 | D:4      | Reached skill level 7 in Conjurations
  3469 | D:4      | Slain by a gnoll

Action                   |  1- 3 |  4- 6 || total
-------------------------+-------+-------++-------
Melee: Spear             |    11 |    23 ||    34
 Fire: Blowgun           |       |    20 ||    20
Throw: Dart              |       |     3 ||     3
 Cast: Magic Dart        |    71 |    73 ||   144
       Dazzling Spray    |     1 |    10 ||    11
  Use: Scroll            |       |     1 ||     1
